 Dungeon Crawl Stone Soup version 0.27-a0-828-g8289197e94 (webtiles) character file.

Game seed: 13940056320241851412

29 CurlyBrace the Sneak (level 3, 0/17 HPs)
             Began as a Felid Wanderer on Mar 31, 2021.
             Slain by a quokka (2 damage)
             ... on level 3 of the Dungeon.
             The game lasted 00:05:31 (441 turns).

CurlyBrace the Sneak (Felid Wanderer)                Turns: 441, Time: 00:05:32

Health: 0/17       AC:  1    Str:  8    XL:     3   Next: 1%
Magic:  4/4        EV: 16    Int: 17    God:
Gold:   43         SH:  0    Dex: 12    Spells: 2/2 levels left
                                        Lives:  0   Deaths: 0

rFire    . . .     SeeInvis +     - Unarmed
rCold    . . .     Faith    .   (shield unavailable)
rNeg     . . .     Spirit   .   (armour unavailable)
rPois    .         Reflect  .   (helmet unavailable)
rElec    .         Harm     .   (cloak unavailable)
rCorr    .         Rampage  .   (gloves unavailable)
Will     .....                  (boots unavailable)
Stlth    +++.......             (no amulet)
HPRegen  0.05/turn              (no ring)
MPRegen  0.09/turn              (no ring)

@: weak-willed, quick
A: very small, claws 1, fangs 3, see invisible, speed 1, shaggy fur 1, stealthy
paws, no weapons or thrown items, no armour, multi-lived
a: no special abilities


You were on level 3 of the Dungeon.
You visited 1 branch of the dungeon, and saw 4 of its levels.

You collected 43 gold pieces.

Inventory:

Jewellery
 a - a ring of wizardry
   (You found it on level 1 of the Dungeon)
Potions
 b - a potion of berserk rage
 c - 2 potions of lignification
 h - a potion of haste


   Skills:
 * Level 3.1 Fighting
 + Level 2.5 Dodging
 - Level 4.0 Stealth
 - Level 4.0 Unarmed Combat


You had 2 spell levels left.
You didn't know any spells.
Your spell library was empty.

Dungeon Overview and Level Annotations

Branches:
Dungeon (4/15)
 Temple: D:4-7

Altars:

Annotations:
D:2 Sigmund
D:3 exclusions: adder and downstairs


Innate Abilities, Weirdness & Mutations

You have sharp claws.
You have razor-sharp teeth.
You have supernaturally acute eyesight. (SInv)
You cover ground quickly. (Speed+)
You are covered in fur. (AC +1)
Your stealthy paws help you sneak and pounce on unaware monsters.
You are incapable of wielding weapons or throwing items.
You cannot wear armour.
You gain extra lives every three experience levels.


Message History

You have reached level 3!
Your experience leads to an increase in your attributes!
Increase (S)trength, (I)ntelligence, or (D)exterity?
You feel clever.
Things that are here:
a +0 dagger; 20 stones; a kobold corpse
There is a stone staircase leading up here.
You climb upwards.
Level annotation: Sigmund A ball python comes into view.
There is a stone staircase leading down here.
You pounce on the unaware helpless ball python!
You mangle the ball python!!
You kill the ball python!
You climb downwards.
You hear the sound of rushing water.
There is an entrance to a sewer on this level.
Hurry and find it before the portal rusts away!
Level annotation: exclusions: adder and downstairs You hear the slow rusting of a drain nearby.
There is a stone staircase leading up here.
Things that are here:
20 stones; a +0 dagger; a kobold corpse An orc comes into view.
It is wielding a +0 hand axe.
As you open the door, it creaks loudly! 2 quokkas, a giant cockroach and an orc come into view.
The orc shouts! x2
The quokka moves out of view.
As you read the scroll labelled NOHOLEUJUY, it crumbles to dust.
Magic quickly surges around you.
It was a scroll of vulnerability.
Unknown command.
As you read the scroll labelled ASODO ZEROMO, it crumbles to dust.
It is a scroll of identify.
You don't have any unidentified items.
An orc priest comes into view. It is wielding a +0 hand axe.
An orc comes into view. It is wielding a +0 whip.
The orc barely misses you. The giant cockroach bites you.
* * * LOW HITPOINT WARNING * * *
The quokka bites you.
You die...

##### #<.........#
#.#.##...## #(.........#
#...oo...o#####..........##
....'##'..r..o.........[..##
.o. #≈≈#..######..†.....#).#
. #≈≈##.#####r.........#.#
#≈B≈ #.##..o..........#.#
#≈≈≈ #...r#...........#.#
##≈≈ #..@.Bo..........#.#
#≈≈#..#####..........#.#
##.# ##........##.# #..
##......###.# ######## #..
##. ###. .######### ##...
.........###>...


You could see 2 orcs, 2 quokkas and a giant cockroach (weak-willed).

Vanquished Creatures
  A dart slug (D:1)
  2 bats
  An endoplasm (D:1)
  2 giant cockroaches
  2 goblins (D:3)
  4 jackals (D:1)
  2 quokkas
  6 ball pythons
  A frilled lizard (D:1)
  A kobold (D:3)
  3 rats
25 creatures vanquished.

Notes
Turn   | Place    | Note
-------+----------+-------------------------------------------
     0 | D:1      | CurlyBrace the Felid Wanderer began the quest for the Orb.
     0 | D:1      | CurlyBrace set off with the following items: a potion of
                  | berserk rage, 2 potions of lignification, a potion of haste
     0 | D:1      | Reached XP level 1. HP: 9/9 MP: 2/2
    54 | D:1      | Reached XP level 2. HP: 12/13 MP: 3/3
   246 | D:2      | Noticed Sigmund
   403 | D:3      | Reached XP level 3. HP: 1/17 MP: 4/4
   441 | D:3      | Slain by a quokka

Illustrated notes

Levels and vault maps discovered:
D:1:      minmay_arrival_shattered_statue, layout_basic
D:2:      layout_basic, nicolae_hepliaklqana_hippocampus,
          grunt_dithmenos_smoke_and_mirrors, uniq_sigmund
D:3:      layout_rooms, chequers_temple_overflow_minitemple,
          gup_sewer_entry_bowl, uniq_natasha
D:4:      layout_layer_cave, minmay_temple_entry_butterflies

Skill      XL: |  1  2 |
---------------+-------+-----
Dodging        | 2 |  2.5
Fighting       | 3 |  3.1
Stealth        | |  4.0
Unarmed Combat | |  4.0

Action                   || total
-------------------------++-------
Melee: Unarmed           ||    58
       Bite              ||     3
  Use: Scroll            ||     2
 Stab: Sleeping          ||     4
Armor: Skin              ||     3
Dodge: Dodged            ||    40

Table legend: (Time is in decaauts)
 A = Elapsed time spent in this place.
 B = Non-inter-level travel time spent in this place.
 C = Inter-level travel time spent in this place.
 D = Time resting spent in this place.
 E = Time spent auto-exploring this place.
 F = Levels seen in this place.
 G = Mean time per level.
                   A        B        C        D        E       F      G
               +--------+--------+--------+--------+--------+-----+--------+
         Total |    371 |    357 |     14 |      0 |      0 |   4 |   92.8 |
       Dungeon |    371 |    357 |     14 |      0 |      0 |   4 |   92.8 |
               +--------+--------+--------+--------+--------+-----+--------+

Top non-repeatable levels by time:
     D:1: 147 daAuts
     D:3: 111 daAuts
     D:2: 108 daAuts
     D:4: 4 daAuts
